 Dungeon Crawl Stone Soup version 0.23-a0-558-g30802b1 (webtiles) character file.

515 MisterFreud the Firebug (level 7, -3/55 HPs)
             Began as a Naga Fire Elementalist on Dec 11, 2018.
             Was an Initiate of Cheibriados.
             Slain by an orc
             ... wielding a +0 short sword
              (5 damage)
             ... on level 3 of the Dungeon.
             The game lasted 00:09:55 (2954 turns).

MisterFreud the Firebug (Naga Fire Elementalist)    Turns: 2954, Time: 00:09:56

Health: -3/55      AC:  4    Str: 16    XL:     7   Next: 20%
Magic:  3/12       EV: 15    Int: 18    God:    Cheibriados [......]
Gold:   121        SH:  0    Dex: 18    Spells: 5/13 levels left

rFire    + . .     SeeInvis +   m - +3 short sword (drain)
rCold    x . .     Gourm    .   (no shield)
rNeg     . . .     Faith    .   a - +1 robe
rPois    +         Spirit   .   (no helmet)
rElec    .         Reflect  .   (no cloak)
rCorr    .         Harm     .   (no gloves)
MR       .....                  (no barding)
Stlth    +++.......             (no amulet)
HPRegen  0.18/turn              p - ring of fire
MPRegen  0.13/turn              (no ring)

@: mighty, agile, flying, very slow
A: large, see invisible, deformed body, poison resistance, slowness 2, slow
metabolism 1, spit poison 1, AC +2
a: Spit Poison, Bend Time, Renounce Religion


You were on level 3 of the Dungeon.
You worshipped Cheibriados.
Cheibriados was noncommittal.
You were not hungry.

You visited 1 branch of the dungeon, and saw 3 of its levels.

You collected 121 gold pieces.

Inventory:

Hand Weapons
 e - a +0 mace of protection
 m - a +3 short sword of draining (weapon)
Missiles
 d - 72 stones (quivered)
 g - 13 poisoned needles
 h - 7 javelins
 k - 5 tomahawks of returning
 n - 15 bolts
 q - 60 arrows
 u - 5 needles of confusion
Armour
 a - a +1 robe (worn)
Jewellery
 p - a ring of fire (left hand)
Wands
 f - a wand of flame (23)
Scrolls
 l - a scroll of enchant armour
 r - a scroll of amnesia
Potions
 i - 2 potions of brilliance
Comestibles
 c - 9 rations
 s - 4 chunks of flesh


   Skills:
 - Level 1.5 Dodging
 - Level 3.0 Stealth
 + Level 3.6 Spellcasting
 - Level 5.0 Conjurations
 - Level 5.1 Fire Magic


You had 5 spell levels left.
You knew the following spells:

 Your Spells              Type           Power        Failure   Level  Hunger
a - Flame Tongue          Conj/Fire      ####.        1%          1    None
b - Conjure Flame         Conj/Fire      ####....     6%          3    ###....
c - Sticky Flame          Conj/Fire      ####....     19%         4    ####...

Your spell library contained the following spells:

 Spells                   Type           Power        Failure   Level  Hunger
 Throw Flame              Conj/Fire      ####..       3%          2    ##.....
 Inner Flame              Hex/Fire       ###.....     16%         3    ###....
 Fireball                 Conj/Fire      ####......   47%         5    ######.


Dungeon Overview and Level Annotations

Branches:
Dungeon (3/15)

Altars:
Cheibriados
Hepliaklqana
Qazlal
Sif Muna


Innate Abilities, Weirdness & Mutations

You cannot wear boots.
Your serpentine skin is tough. (AC +2)
You have supernaturally acute eyesight. (SInv)
Armour fits poorly on your strangely shaped body.
Your system is resistant to poisons. (rPois)
You cover ground very slowly.
You have a slow metabolism.
You can spit poison.


Message History

It was a potion of flight.
You feel very buoyant.
You fly up into the air.
The orc hits you but does no damage. The ogre closely misses you.
Okay, then.
Unknown command.
Unknown command.
Unknown command.
Unknown command.
Unknown command.
Unknown command.
Evoke which item? (* to show all) (? for menu, Esc to quit)
Aiming: Throw Flame
Press: ? - help, Shift-Dir - straight line, f - orc
Aim: an orc, wielding a +0 short sword and wearing a +0 ring mail
Okay, then.
Unknown command.
Unknown command.
The orc hits you with a +0 short sword.
You die...

... ... . #.# ..#
#....... #..... #.#
#.## ......###.....
#.# #..#
.............. #.#
...##.............#
#.######### ..)......#
#......# #..........
.._......#
#......###############
.........#
#..........%.
8....'######...o@#
......# #....#O##
....#.# #....#.#
_...#.####)...#.#
....#.O(('..O...#
.##.#.####....###
.'....# ######
.###..## .....>.#


You could see an ogre and an orc.

Vanquished Creatures
  Grinder (D:3)
  A sky beast (D:3)
  Natasha (thrice) (D:3)
  An orc wizard (D:3)
  Terence (D:3)
  2 adders (D:3)
  A gnoll (D:1)
  4 oozes
  2 worms (D:3)
  A dart slug (D:2)
  5 leopard geckos
  5 orcs (D:3)
  A ball python (D:1)
  6 bats
  3 giant cockroaches
  7 goblins
  9 hobgoblins
  8 jackals
  9 kobolds
  A quokka (D:2)
  3 frilled lizards
  3 rats (D:1)
77 creatures vanquished.

Notes
Turn   | Place    | Note
-------+----------+-------------------------------------------
     0 | D:1      | MisterFreud the Naga Fire Elementalist began the quest for
                  | the Orb.
     0 | D:1      | Reached XP level 1. HP: 15/15 MP: 3/3
   107 | D:1      | Reached XP level 2. HP: 16/22 MP: 0/5
   358 | D:1      | Reached XP level 3. HP: 6/28 MP: 2/6
  1368 | D:1      | Learned a level 3 spell: Conjure Flame
  1428 | D:2      | Reached XP level 4. HP: 36/36 MP: 5/7
  2020 | D:2      | Found a stormy altar of Qazlal.
  2158 | D:3      | Noticed Natasha
  2165 | D:3      | Killed Natasha
  2215 | D:3      | Reached XP level 5. HP: 40/42 MP: 3/8
  2286 | D:3      | Noticed Natasha
  2291 | D:3      | Killed Natasha
  2381 | D:3      | Noticed Natasha
  2381 | D:3      | Noticed a sky beast
  2390 | D:3      | Killed a sky beast
  2390 | D:3      | Reached XP level 6. HP: 6/49 MP: 4/9
  2394 | D:3      | HP: 1/49 [Natasha/wand of flame (24) (4)]
  2395 | D:3      | Killed Natasha
  2825 | D:3      | Found a snail-covered altar of Cheibriados.
  2826 | D:3      | Found a hazy altar of Hepliaklqana.
  2842 | D:3      | Found a deep blue altar of Sif Muna.
  2851 | D:3      | Became a worshipper of Cheibriados the Contemplative
  2855 | D:3      | Noticed Terence
  2860 | D:3      | Killed Terence
  2899 | D:3      | Reached skill level 5 in Conjurations
  2905 | D:3      | Learned a level 4 spell: Sticky Flame
  2916 | D:3      | Reached skill level 5 in Fire Magic
  2935 | D:3      | Noticed Grinder
  2947 | D:3      | Paralysed by Grinder for 2 turns
  2950 | D:3      | Killed Grinder
  2950 | D:3      | Reached XP level 7. HP: 29/55 MP: 2/12
  2952 | D:3      | HP: 1/55 [orc/+0 short sword (3)]
  2954 | D:3      | Slain by an orc

Vault maps used:
D:1:      lightli_arrival_flooded_house
D:2:      minmay_misc_feat_secret_circle, nicolae_qazlal_eye_of_the_storm
D:3:      grunt_temple_overflow_open, uniq_sigmund, uniq_terence, uniq_natasha,
          uniq_grinder

Skill      XL: |  1  2  3  4  5  6 |
---------------+-------------------+-----
Conjurations   | 2 3 4 5 |  5.0
Fire Magic     | 4 5 |  5.1
Spellcasting   | 3 |  3.6
Dodging        | |  1.5
Stealth        | |  3.0

Action                   |  1- 3 |  4- 6 |  7- 9 || total
-------------------------+-------+-------+-------++-------
Melee: Unarmed           |     5 |       |       ||     5
       Dagger            |     2 |       |       ||     2
       Short sword       |     1 |    23 |       ||    24
       Whip              |     1 |       |       ||     1
 Cast: Flame Tongue      |    32 |    62 |       ||    94
       Conjure Flame     |       |     1 |       ||     1
 Abil: Spit Poison       |    28 |    38 |       ||    66
  Use: Scroll            |     3 |     8 |       ||    11
       Potion            |       |     3 |     2 ||     5
 Stab: Distracted        |       |     1 |       ||     1
  Eat: Chunk             |     3 |     7 |       ||    10
Armor: Robe              |     4 |    11 |       ||    15
Dodge: Dodged            |    16 |    26 |     4 ||    46

Table legend:
 A = Non-vault XP
 B = Vault XP
 C = Vault XP percentage of total XP
 D = Non-vault monster count
 E = Vault monster count
 F = Vault count percentage of total count
                 A         B        C        D         E       F
            +---------+---------+-------+---------+---------+-------
      Total |     431 |     305 |  41.4 |      74 |       3 |   3.9
            +---------+---------+-------+---------+---------+-------
        D:1 |      75 |       0 |   0.0 |      30 |       0 |   0.0
        D:2 |      37 |       0 |   0.0 |      19 |       0 |   0.0
        D:3 |     319 |     305 |  48.9 |      25 |       3 |  10.7
            +---------+---------+-------+---------+---------+-------
